 Dungeon Crawl Stone Soup version 0.25.1-2-g60ff931df9 (webtiles) character file.

Game seed: 2071133898278449762

56 DearestLeader the Distorting Demonspawn (level 3, 0/29 HPs)
             Began as a Demonspawn Abyssal Knight on Sept 25, 2020.
             Was a Believer of Lugonu.
             Succumbed to an adder's poison
             ... on level 2 of the Dungeon.
             The game lasted 00:02:40 (981 turns).

DearestLeader the Distorting Demonspawn (DsAK)       Turns: 981, Time: 00:02:41

Health: 0/29       AC:  7    Str: 13    XL:     3   Next: 71%
Magic:  5/5        EV:  9    Int: 13    God:    Lugonu [**....]
Gold:   92         SH:  0    Dex: 12    Spells: 2/2 levels left

rFire    . . .     SeeInvis .   a - +1 hand axe
rCold    . . .     Gourm    .   (no shield)
rNeg     . . .     Faith    .   b - +0 scale mail
rPois    .         Spirit   .   (helmet restricted)
rElec    .         Reflect  .   (no cloak)
rCorr    .         Harm     .   (no gloves)
MR       .....                  g - +0 pair of boots
Stlth    ..........             (no amulet)
HPRegen  0.09/turn              (no ring)
MPRegen  0.09/turn              (no ring)

@: lethally poisoned (0 -> -5)
A: horns 1
a: Depart the Abyss, Bend Space, Renounce Religion


You were on level 2 of the Dungeon.
You worshipped Lugonu.
Lugonu was pleased with you.
You were not hungry.

You visited 1 branch of the dungeon, and saw 2 of its levels.
You visited the Abyss 1 time.

You collected 92 gold pieces.

Inventory:

Hand Weapons
 a - a +1 hand axe (weapon)
Armour
 b - a +0 scale mail (worn)
 g - a +0 pair of boots (worn)
Scrolls
 d - a scroll of identify
 e - a scroll of enchant weapon
Comestibles
 c - 4 rations
 f - 2 chunks of flesh


   Skills:
 - Level 3.0 Fighting
 * Level 3.2 Axes
 - Level 1.7 Armour
 - Level 0.8 Dodging
 + Level 3.6 Invocations


You had 2 spell levels left.
You didn't know any spells.
Your spell library was empty.

Dungeon Overview and Level Annotations

Branches:
Dungeon (2/15)

Altars:
Uskayaw


Innate Abilities, Weirdness & Mutations

You have a pair of small horns on your head.


Message History

The adder is severely wounded.
The adder bites you.
* * * LOW HITPOINT WARNING * * *
You hit the adder.
The adder is almost dead.
The adder closely misses you. x2
You barely miss the adder.
You headbutt the adder, but do no damage.
The adder is almost dead.
The adder bites you.
* * * LOW HITPOINT WARNING * * *
You are lethally poisoned!
The adder poisons you!
You slash the adder!
You kill the adder!
Lugonu accepts your kill.
* * * LOW HITPOINT WARNING * * *
You feel sick.
You aren't carrying any potions.
You die...

### ####.## ##<....# ##
##......## ...#
####.@......# #...
##.†.[#......#
###..#####..####.##.#.#
#....†........#..##.#.#
#.###...8.8.8.#.###.#.#
###......w.?#.# #.#.##
...............# #.#..#
##...l#.%.)...####.##.#
..#...#_...........÷..#


There were no monsters in sight!

Vanquished Creatures
  2 adders (D:2)
  An ooze (D:1)
  A dart slug (D:2)
  2 leopard geckos (D:1)
  A ball python (D:2)
  A bat (D:1)
  2 giant cockroaches
  2 hobgoblins
  3 jackals (D:2)
  A quokka (D:2)
  2 frilled lizards
  3 goblins (D:1)
  5 kobolds (D:1)
  4 rats (D:1)
30 creatures vanquished.

Notes
Turn   | Place    | Note
-------+----------+-------------------------------------------
     0 | Abyss:1  | DearestLeader the Demonspawn Abyssal Knight began the quest
                  | for the Orb.
     0 | Abyss:1  | Reached XP level 1. HP: 18/18 MP: 2/2
    29 | D:1      | Escaped the Abyss
   353 | D:1      | Gained mutation: You have a pair of small horns on your
                  | head. [demonic ancestry]
   353 | D:1      | Reached XP level 2. HP: 24/24 MP: 4/4
   824 | D:2      | Reached ** piety under Lugonu
   863 | D:2      | Found a hide-covered altar of Uskayaw.
   870 | D:2      | Reached XP level 3. HP: 25/29 MP: 5/5
   980 | D:2      | HP: 1/29 [poisoned by an adder]
   981 | D:2      | Succumbed to an adder's poison

Illustrated notes

Levels and vault maps discovered:
D:1:      dpeg_arrival_rooms_with_view, layout_rooms, kennysheep_pointless_box,
          palyth_stone_intersect
D:2:      layout_rooms, eat_drink_and_be_merry_uskayaw, minmay_curled_crystal

Skill      XL: |  1  2  3 |
---------------+----------+-----
Axes           | 2 3 |  3.2
Invocations    | 3 |  3.6
Fighting       | |  3.0
Armour         | |  1.7
Dodging        | |  0.8

Action                   || total
-------------------------++-------
Melee: Hand axe          ||    88
       Headbutt          ||     8
  Use: Scroll            ||     1
 Stab: Sleeping          ||     1
Armor: Leather armour    ||     8
       Ring mail         ||     5
       Scale mail        ||    20
Dodge: Dodged            ||    61
